 Dungeon Crawl Stone Soup version 0.23-a0-629-gae4348f (webtiles) character file.

63 Leeroy the Slasher (level 4, 0/34 HPs)
             Began as a Barachi Skald on Dec 26, 2018.
             Was a Follower of Jiyva.
             Slain by a worm (6 damage)
             ... on level 2 of the Dungeon.
             The game lasted 00:06:17 (1734 turns).

Leeroy the Slasher (Barachi Skald)                  Turns: 1734, Time: 00:06:17

Health: 0/34       AC:  3    Str: 13    XL:     4   Next: 10%
Magic:  7/7        EV: 12    Int: 14    God:    Jiyva [*.....]
Gold:   108        SH:  0    Dex: 11    Spells: 3/7 levels left

rFire    . . .     SeeInvis .   a - +0 falchion
rCold    . . .     Gourm    .   (no shield)
rNeg     . . .     Faith    .   b - +0 leather armour
rPois    .         Spirit   .   (no helmet)
rElec    .         Reflect  .   (no cloak)
rCorr    .         Harm     .   (no gloves)
MR       .....                  (no boots)
Stlth    +.........             (no amulet)
HPRegen  0.11/turn              (no ring)
MPRegen  0.10/turn              (no ring)

@: slow
A: +LOS, swims, slowness 1, strong legs 1
a: Hop, Request Jelly, Renounce Religion


You were on level 2 of the Dungeon.
You worshipped Jiyva.
Jiyva was aware of your devotion.
You were hungry.

You visited 1 branch of the dungeon, and saw 2 of its levels.

You collected 108 gold pieces.

Inventory:

Hand Weapons
 a - a +0 falchion (weapon)
 c - a +0 short sword
 e - a +0 hand axe
 h - a +0 dagger
 s - a +3 dagger
Missiles
 j - 35 sling bullets
 m - 17 stones (quivered)
Armour
 b - a +0 leather armour (worn)
 l - a -1 helmet
 q - a +0 ring mail
Wands
 o - a wand of scattershot (5)
Scrolls
 f - 2 scrolls of teleportation
 p - a scroll of remove curse
 r - a scroll of noise
Potions
 g - a potion of magic {unknown}
 k - a potion of lignification {unknown}
 n - 2 potions of brilliance {unknown}
Comestibles
 d - 5 rations
 i - a chunk of flesh


   Skills:
 - Level 2.4 Fighting
 + Level 4.6 Long Blades
 - Level 1.2 Armour
 - Level 2.2 Dodging
 - Level 0.1 Stealth
 - Level 2.2 Spellcasting
 * Level 1.2 Hexes
 - Level 3.3 Charms


You had 3 spell levels left.
You knew the following spells:

 Your Spells              Type           Power        Failure   Level  Hunger
a - Infusion              Chrm           ##..         8%          1    #......
b - Spectral Weapon       Hex/Chrm       #.......     34%         3    ###....

Your spell library contained the following spells:

 Spells                   Type           Power        Failure   Level  Hunger
 Song of Slaying          Chrm           ##......     11%         2    ###....
 Shroud of Golubria       Chrm/Tloc      #.........   22%         2    ###....
 Regeneration             Chrm/Necr      #.........   41%         3    ###....


Dungeon Overview and Level Annotations

Branches:
Dungeon (2/15)

Altars:
Cheibriados
Qazlal
Trog
Jiyva


Innate Abilities, Weirdness & Mutations

Shadows flee at your approach. (+LOS)
You can swim through water.
You cover ground slowly.
You can hop short distances.


Message History

The worm closely misses you.
You riposte.
You hit the worm but do no damage. The worm barely misses you.
You riposte.
You hit the worm.
The worm is moderately wounded.
You hit the worm.
The worm is severely wounded.
You barely miss the worm.
The worm is severely wounded.
The worm barely misses you.
You riposte.
You barely miss the worm. The worm bites you!
* * * LOW HITPOINT WARNING * * *
Unknown command.
Press < or > to pray at altars.
Press: ? - help, v - describe, . - travel
Here: a jelly (indifferent)
The floor.
That item cannot be evoked!
You hit the worm but do no damage.
The worm is severely wounded.
The worm bites you.
You die...

# ###....## #...# ####
# #.[..# #...# # ####.#
##.....## # #.#
#....##.# # #.#
#.......# #.#.####.#
#...#.#.##
#........######..#.....
###.#####...........#.#
#.##.w@.......#
#.##..8w.######
#.##J8_8.#
###.##..8..###
#............#
#รท#.##...###.#
#.#.##.#.......
#.#.##.###.....#
.......# ....>#


You could see 2 worms and a neutral jelly (fellow slime).

Vanquished Creatures
  A gnoll (D:1)
  A worm (D:2)
  3 dart slugs
  5 hobgoblins
  7 jackals
  8 bats
  2 frilled lizards (D:1)
  6 goblins
  6 kobolds
  A leopard gecko skeleton (D:2)
  3 rats (D:2)
43 creatures vanquished.

Notes
Turn   | Place    | Note
-------+----------+-------------------------------------------
     0 | D:1      | Leeroy the Barachi Skald began the quest for the Orb.
     0 | D:1      | Reached XP level 1. HP: 17/17 MP: 3/3
   134 | D:1      | Reached skill level 3 in Long Blades
   134 | D:1      | Reached XP level 2. HP: 10/23 MP: 5/5
   136 | D:1      | HP: 1/23 [kobold/+0 short sword (2)]
   360 | D:1      | HP: 1/23 [gnoll (6)]
   363 | D:1      | Reached skill level 4 in Long Blades
   363 | D:1      | Reached XP level 3. HP: 1/28 MP: 0/6
   764 | D:1      | Learned a level 3 spell: Spectral Weapon
  1368 | D:2      | Reached skill level 1 in Hexes
  1454 | D:2      | Found a snail-covered altar of Cheibriados.
  1469 | D:2      | Reached XP level 4. HP: 25/34 MP: 3/7
  1485 | D:2      | Found a stormy altar of Qazlal.
  1636 | D:2      | Noticed a moth of wrath
  1639 | D:2      | Found a bloodstained altar of Trog.
  1713 | D:2      | Found a faded altar of an unknown god.
  1728 | D:2      | Became a worshipper of Jiyva Juemm the Shapeless
  1728 | D:2      | Reached * piety under Jiyva
  1734 | D:2      | Slain by a worm

Vault maps used:
D:1:      ebering_trefoil_3fold, minmay_misc_feat_rugged
D:2:      lemuel_round_altar, kennysheep_slug_shrine, elyvilon_altar_5,
          tgw_trog, chequers_ecumenical_altar_simple

Skill      XL: |  1  2  3 |
---------------+----------+-----
Long Blades    | 3 4 |  4.6
Hexes          | 1 |  1.2
Fighting       | |  2.4
Armour         | |  1.2
Dodging        | |  2.2
Stealth        | |  0.1
Spellcasting   | |  2.2
Charms         | |  3.3

Action                   |  1- 3 |  4- 6 || total
-------------------------+-------+-------++-------
Melee: Falchion          |   106 |    23 ||   129
Throw: Stone             |       |     2 ||     2
 Cast: Infusion          |     4 |       ||     4
       Spectral Weapon   |     1 |       ||     1
 Abil: Hop               |       |     1 ||     1
  Use: Potion            |     1 |       ||     1
       Scroll            |     3 |       ||     3
  Eat: Chunk             |     2 |     1 ||     3
Armor: Leather armour    |    40 |     6 ||    46
Dodge: Dodged            |    87 |    17 ||   104
       Rpst.: Falchion   |    23 |     8 ||    31

Table legend:
 A = Non-vault XP
 B = Vault XP
 C = Vault XP percentage of total XP
 D = Non-vault monster count
 E = Vault monster count
 F = Vault count percentage of total count
                 A         B        C        D         E       F
            +---------+---------+-------+---------+---------+-------
      Total |      85 |       6 |   6.6 |      40 |       3 |   7.0
            +---------+---------+-------+---------+---------+-------
        D:1 |      59 |       0 |   0.0 |      26 |       0 |   0.0
        D:2 |      26 |       6 |  18.8 |      14 |       3 |  17.6
            +---------+---------+-------+---------+---------+-------
